 Dungeon Crawl Stone Soup version 0.22-a0-567-gff9aefc (webtiles) character file.

42695 Amnesiac the Prestidigitator (level 13, -11/68 HPs)
             Began as a Spriggan Fighter on June 29, 2018.
             Was an Elder of Ru.
             Killed by divine providence
             ... invoked by a meliai
              (16 damage)
             ... on level 14 of the Dungeon.
             The game lasted 00:57:15 (22891 turns).

Amnesiac the Prestidigitator (Spriggan Fighter)    Turns: 22891, Time: 00:57:17

Health: -11/68     AC: 12    Str: 16    XL:     13   Next: 86%
Magic:  0/22       EV: 18    Int:  9    God:    Ru [****..]
Gold:   399        SH:  8    Dex: 17    Spells: 12/12 levels left

rFire    . . .     SeeInvis +   a - +0 dagger (venom)
rCold    . . .     Gourm    .   c - +0 buckler
rNeg     . . .     Faith    .   w - +0 storm dragon scales
rPois    .         Spirit   +   (helmet restricted)
rElec    +         Reflect  .   y - +0 cloak
rCorr    .         Harm     .   (gloves unavailable)
MR       ++...                  (boots unavailable)
Stlth    ++........             s - amulet of guardian spirit
HPRegen  0.21/turn              q - ring of ice
MPRegen  0.18/turn              F - ring of fire

@: exhausted, very quick
A: very small, unfitting armour, see invisible, herbivore, speed 3, low mp 1,
slow metabolism 2, no potion heal 1, no charms magic, no hexes magic, no ice
magic, unskilled 1
a: Draw Out Power, Power Leap, Renounce Religion


You were on level 14 of the Dungeon.
You worshipped Ru.
Ru was greatly pleased with you.
You were not hungry.

You visited 3 branches of the dungeon, and saw 16 of its levels.

You collected 740 gold pieces.
You spent 341 gold pieces at shops.

Inventory:

Hand Weapons
 a - a +0 dagger of venom (weapon)
 b - a +4 dagger of chaos
Missiles
 P - 4 throwing nets (quivered)
Armour
 c - a +0 buckler (worn)
 w - +0 storm dragon scales (worn)
 y - a +0 cloak (worn)
Jewellery
 q - a ring of ice (left hand)
 s - an amulet of guardian spirit (around neck)
 x - an uncursed amulet of magic regeneration
 F - a ring of fire (right hand)
Wands
 m - a wand of polymorph (8)
 p - a wand of acid (1)
 v - a wand of disintegration (3)
 z - a wand of scattershot (9)
 J - a wand of iceblast (13)
 O - a wand of enslavement (11)
 R - a wand of digging (14)
Scrolls
 g - 2 scrolls of fog {!r}
 h - 3 scrolls of remove curse {!r}
 j - 4 scrolls of teleportation {!r}
 k - a scroll of fear {!r}
 l - a scroll of enchant weapon {!r, unknown}
 r - 3 scrolls of amnesia {!r, unknown}
 t - 2 scrolls of enchant armour {!r}
 A - 3 scrolls of magic mapping {!r}
 E - a scroll of blinking {!r, unknown}
 I - 2 scrolls of identify {!r}
 M - a scroll of vulnerability {!r, unknown}
 Q - 3 scrolls of brand weapon {!r, unknown}
Potions
 d - a potion of might {!q}
 e - a potion of cancellation {!q}
 i - a potion of magic {!q}
 n - a potion of berserk rage {!q}
 u - a potion of agility {!q}
 B - a potion of flight {!q}
 C - a potion of brilliance {!q}
 D - 3 potions of resistance {!q}
 G - 2 potions of curing {!q}
 K - a potion of haste {!q, unknown}
 L - 2 potions of mutation {!q, unknown}
 S - a potion of invisibility {!q, unknown}
Miscellaneous
 o - a lightning rod (3/4)
 N - a fan of gales
Comestibles
 f - 17 rations


   Skills:
 - Level 8.0 Fighting
 - Level 10.0 Short Blades
 * Level 3.6 Armour
 - Level 12.0 Dodging
 - Level 10.0 Stealth
 - Level 7.2 Shields
 + Level 14.5 Evocations


You had 12 spell levels left.
You didn't know any spells.
Your spell library contained the following spells:

 Spells                   Type           Power        Failure   Level  Hunger
 Animate Dead             Necr           N/A          100%        4    #####..
 Regeneration             Chrm/Necr      #.........   100%        3    ####...
 Recall                   Summ/Tloc      N/A          100%        3    ####...
 Death Channel            Necr           #.........   100%        6    #######
 Simulacrum               Ice/Necr       #.........   100%        6    #######
 Shroud of Golubria       Chrm/Tloc      #.........   100%        2    ###....
 Infusion                 Chrm           #...         100%        1    ##.....
 Song of Slaying          Chrm           #.......     100%        2    ###....
 Spectral Weapon          Hex/Chrm       #.......     100%        3    ####...
 Borgnjor's Vile Clutch   Necr/Erth      #.........   100%        5    ######.


Dungeon Overview and Level Annotations

Branches:
Dungeon (14/15)            Temple (1/1) D:7            Lair (0/6) D:8
    Orc (1/2) D:12         Vaults (0/5) D:13

Altars:
Ashenzari
Cheibriados
Dithmenos
Elyvilon
Fedhas
Gozag
Hepliaklqana
Kikubaaqudgha
Makhleb
Nemelex Xobeh
Okawaru
Qazlal
Ru
Sif Muna
Trog
Uskayaw
Vehumet
Wu Jian
Xom
Yredelemnul
Zin
The Shining One

Shops:
D:4 !   D:12 *   D:13 [

Annotations:
D:8 Scuka's ghost, novice DDFi
D:13 Frances


Innate Abilities, Weirdness & Mutations

You are very small and have problems with some larger weapons.
You are too small for most types of armour.
You have supernaturally acute eyesight. (SInv)
You are a herbivore.
You cover ground extremely quickly.
Your magical capacity is low. (-10% MP)
You need to consume almost no food.
Potions are less effective at restoring your health.
You cannot study or cast Charms magic.
You cannot study or cast Hexes magic.
You cannot study or cast Ice magic.
You are somewhat unskilled. (-1 Apt)


Message History

You hit the human zombie.
Lightning courses through the human zombie!
You destroy the human zombie!
The meliai invokes the aid of its god against you.
Something smites you!
A cyclops comes into view.
You hear an angry buzzing noise. x2
There is a stone staircase leading up here.
Your +0 dagger of venom begins to drip with poison!
a - a +0 dagger of venom (weapon)
The cyclops shouts!
You hear an angry buzzing noise.
The meliai invokes the aid of its god against you.
Something smites you!
Aiming: Power Leap
Press: ? - help, Dir - move target cursor An eye of draining, a killer bee and a meliai come into view.
The killer bee buzzes angrily.
The eye of draining turns its gaze towards you.
You hear a shout!
You hear an angry buzzing noise.
You hear a shout! x2
You hear an angry buzzing noise.
The meliai begins to pray, but is stunned by your will!
The meliai calls upon its god to heal the killer bee.
The killer bee is healed somewhat.
You block the killer bee's attack.
The meliai mumbles some strange prayers to its god against you.
Something smites you! The meliai hits you with a hand axe.
* * * LOW HITPOINT WARNING * * *
You block the meliai's attack. The killer bee closely misses you.
The meliai calls upon its god to heal the meliai.
The meliai is healed somewhat.
Evoke which item? (* to show all) (? for menu, Esc to quit)
Aiming: Iceblast
Press: ? - help, Shift-Dir - straight line The mass of ice explodes!
The iceblast engulfs the meliai.
You kill the meliai!
Your lightning rod (3/4) has regained one charge.
You hear an angry buzzing noise.
You hear a shout! x2; You hear a croak.
The killer bee misses you. The meliai completely misses you.
The meliai closely misses you. The unseen horror barely misses you.
The killer bee is stunned by your will and fails to attack.
The eye of draining gazes at you.
You feel your power leaking away.
A troll comes into view.
The meliai completely misses you. The meliai misses you.
Unknown command.
The meliai invokes the aid of its god against you.
Something smites you!
* * * LOW HITPOINT WARNING * * *
The unseen horror hits you.
* * * LOW HITPOINT WARNING * * *
The meliai calls upon its god to heal the killer bee.
The killer bee is healed somewhat.
The troll shouts!
You block the unseen horror's attack.
The meliai begins to pray, but is stunned by your will!
You block the killer bee's attack.
There is a stone staircase leading up here.
The unseen horror closely misses you.
The meliai invokes the aid of its god against you.
Something smites you!
* * * LOW HITPOINT WARNING * * *
The killer bee closely misses you.
The meliai mumbles some strange prayers to its god against you.
Something smites you!
You die...

.5.....# ##.##.....###
##... ........## P ...##
.........#### .. #....#
............###y..
..##....G..........y...#.
.....# ..T.....##...C....
.....#..G...y..##........
###..#........yx@.#
.#........yy###
#.........## #.........#
..######## #.# # ##.# #
#..# ######.##


You could see a cyclops, a troll, an unseen horror (invisible), 2 meliai and 4
killer bees.

Vanquished Creatures
  A tengu reaver (D:13)
  2 storm dragons (D:13)
  An orc warlord (D:12)
  A frost giant (D:13)
  Erolcha (D:12)
  Harold (D:12)
  2 hydras
  8 vault guards (D:13)
  A catoblepas (D:13)
  5 two-headed ogres
  An ogre mage (D:13)
  A tengu warrior (D:12)
  Urug (D:13)
  4 skeletal warriors
  2 unseen horrors
  3 wolf spider zombies
  A phantasmal warrior (D:13)
  A cyclops (D:13)
  2 ugly things (D:11)
  A faun (D:10)
  Psyche (D:9)
  Joseph (D:8)
  2 komodo dragons
  An efreet (D:13)
  A meliai (D:14)
  7 trolls
  7 hippogriffs
  11 yaks
  A wraith (D:12)
  A human (shapeshifter) (D:13)
  2 hungry ghosts
  2 vampire mosquitoes (D:12)
  A water moccasin (D:13)
  A soldier ant (D:13)
  Duvessa (D:6)
  3 black bears
  5 orc warriors
  An eye of draining (D:12)
  4 ice beasts
  9 ogres
  2 phantoms
  2 necrophages
  A sky beast (D:7)
  9 centaurs
  A crocodile (D:11)
  3 big kobolds
  7 bullfrogs
  A wyvern zombie (D:13)
  A wyvern skeleton (D:12)
  Dowan (D:6)
  A scorpion (D:6)
  45 killer bees
  8 wights
  3 bullfrog zombies
  4 centaur zombies
  7 crimson imps
  A human zombie (D:14)
  2 hounds
  A bullfrog skeleton (D:9)
  17 orc wizards
  8 orc priests
  6 jellies
  2 centaur skeletons
  3 iguanas
  Terence (D:2)
  Natasha (thrice) (D:3)
  7 worker ants
  A killer bee zombie (D:7)
  A hound skeleton (D:7)
  Robin (D:4)
  6 adders
  3 shadow imps
  6 oozes
  An adder zombie (D:5)
  4 adder skeletons
  3 worms
  3 dart slugs
  5 leopard geckos
  58 orcs
  2 ball pythons
  5 bats
  3 giant cockroaches
  9 goblins
  14 hobgoblins
  11 jackals
  21 kobolds
  5 quokkas
  4 frilled lizards
  2 jackal skeletons (D:4)
  A leopard gecko zombie (D:7)
  8 rats
426 creatures vanquished.

Vanquished Creatures (others)
  A wyvern (D:13)
  A wyvern skeleton (D:14)
  An orc wizard (D:12)
  8 plants (D:14)
11 creatures vanquished.

Grand Total: 437 creatures vanquished

Notes
Turn   | Place    | Note
-------+----------+-------------------------------------------
     0 | D:1      | Amnesiac the Spriggan Fighter began the quest for the Orb.
     0 | D:1      | Reached XP level 1. HP: 11/11 MP: 2/2
   149 | D:1      | Reached skill level 1 in Stealth
   268 | D:2      | Reached XP level 2. HP: 16/16 MP: 3/3
   673 | D:2      | Reached XP level 3. HP: 19/19 MP: 4/4
   709 | D:3      | Noticed Natasha
   709 | D:3      | Noticed Terence
  1727 | D:1      | Reached XP level 4. HP: 22/23 MP: 5/5
  2383 | D:2      | Killed Terence
  2743 | D:3      | Killed Natasha
  2743 | D:3      | Reached skill level 5 in Dodging
  2743 | D:3      | Reached XP level 5. HP: 13/27 MP: 6/6
  3391 | D:3      | Noticed Natasha
  3402 | D:3      | Killed Natasha
  3679 | D:3      | Noticed Natasha
  3681 | D:3      | Killed Natasha
  3681 | D:3      | Reached skill level 5 in Short Blades
  3731 | D:3      | Reached XP level 6. HP: 32/32 MP: 7/7
  3742 | D:3      | Reached skill level 5 in Stealth
  3757 | D:4      | Found Eshres's Distillery.
  3999 | D:4      | Noticed Robin
  4810 | D:4      | Killed Robin
  4826 | D:4      | Reached XP level 7. HP: 20/35 MP: 8/8
  5159 | D:5      | Entered Level 5 of the Dungeon
  6472 | D:6      | Found a blossoming altar of Fedhas.
  6505 | D:6      | Noticed Duvessa
  6505 | D:6      | Noticed Dowan
  6507 | D:6      | Killed Dowan
  6571 | D:6      | Killed Duvessa
  6571 | D:6      | Reached XP level 8. HP: 10/39 MP: 9/9
  8122 | D:6      | Noticed an unseen horror
  8123 | D:6      | Killed an unseen horror
  8467 | D:7      | Reached XP level 9. HP: 43/43 MP: 10/10
  8595 | D:7      | Found a staircase to the Ecumenical Temple.
  8604 | Temple   | Entered the Ecumenical Temple
  8649 | Temple   | Became a worshipper of Ru the Awakened
  8938 | D:7      | Reached skill level 10 in Short Blades
  8938 | D:7      | Reached skill level 10 in Stealth
  9718 | D:7      | Reached skill level 5 in Shields
 10338 | D:8      | Noticed Joseph
 10579 | D:8      | Gained mutation: Your magical capacity is low. (-10% MP) [Ru sacrifice]
 10585 | D:8      | Reached skill level 1 in Evocations
 10743 | D:8      | Found a runed door.
 10744 | D:8      | Noticed Scuka's ghost (novice DDFi)
 10781 | D:8      | Reached skill level 2 in Evocations
 10800 | D:8      | Found a staircase to the Lair.
 10984 | D:8      | Reached XP level 10. HP: 43/47 MP: 11/11
 11257 | D:8      | Noticed a two-headed ogre
 11318 | D:8      | Killed a two-headed ogre
 11318 | D:8      | Reached skill level 4 in Evocations
 12222 | D:8      | Killed Joseph
 12222 | D:8      | Reached skill level 6 in Evocations
 12714 | D:9      | Reached skill level 7 in Evocations
 13023 | D:8      | Reached skill level 8 in Evocations
 13042 | D:9      | Noticed Psyche
 13043 | D:9      | Killed Psyche
 13043 | D:9      | Reached skill level 9 in Evocations
 13125 | D:9      | Noticed a two-headed ogre
 13127 | D:9      | Killed a two-headed ogre
 13127 | D:9      | Reached skill level 10 in Evocations
 13447 | D:9      | Noticed a two-headed ogre
 13452 | D:9      | Killed a two-headed ogre
 13452 | D:9      | Reached XP level 11. HP: 50/52 MP: 17/17
 13678 | D:9      | Gained mutation: You are somewhat unskilled. (-1 Apt) [Ru sacrifice]
 13678 | D:9      | Reduced skill Evocations to level 9
 13678 | D:9      | Reached * piety under Ru
 13678 | D:9      | Reached ** piety under Ru
 14286 | D:9      | Identified a scroll of acquirement {!r}
 14466 | D:10     | Entered Level 10 of the Dungeon
 14485 | D:10     | Found a sparkling altar of Nemelex Xobeh.
 14627 | D:10     | Noticed Fannar
 14836 | D:10     | Noticed Fannar
 14836 | D:10     | Fannar changed into Fannar the faun
 14860 | D:10     | Killed Fannar the faun
 15878 | D:11     | Noticed a white ugly thing
 15882 | D:11     | Killed a white ugly thing
 16208 | D:11     | Noticed a purple ugly thing
 16272 | D:11     | Killed a purple ugly thing
 16272 | D:11     | Reached skill level 10 in Short Blades
 16272 | D:11     | Reached skill level 10 in Stealth
 16654 | D:11     | Reached skill level 10 in Evocations
 17029 | D:12     | Gained mutation: You cannot study or cast Ice magic. [Ru sacrifice]
 17029 | D:12     | Gained mutation: You cannot study or cast Hexes magic. [Ru sacrifice]
 17029 | D:12     | Gained mutation: You cannot study or cast Charms magic. [Ru sacrifice]
 17029 | D:12     | Reached *** piety under Ru
 17179 | D:12     | Noticed Erolcha
 17183 | D:12     | Killed Erolcha
 17230 | D:12     | Found Wemaf's Assorted Antiques.
 17231 | D:12     | Noticed a skeletal warrior
 17231 | D:12     | Noticed a skeletal warrior
 17232 | D:12     | Noticed a skeletal warrior
 17245 | D:12     | Killed a skeletal warrior
 17245 | D:12     | Killed a skeletal warrior
 17245 | D:12     | Reached XP level 12. HP: 36/58 MP: 11/18
 17541 | D:12     | Reached skill level 5 in Fighting
 17564 | D:12     | Noticed a tengu warrior
 17629 | D:12     | Killed a tengu warrior
 17629 | D:12     | Reached skill level 11 in Evocations
 17777 | D:12     | Found a staircase to the Orcish Mines.
 17887 | D:12     | Noticed Harold
 17891 | D:12     | Killed Harold
 17908 | D:12     | Reached skill level 10 in Dodging
 18230 | D:12     | Bought 3 scrolls labeled PUEJYINNAH for 93 gold pieces
 18230 | D:12     | Bought a forked glass wand for 124 gold pieces
 18230 | D:12     | Bought a wand of iceblast (9) for 124 gold pieces
 18338 | D:12     | Noticed a five-headed hydra
 18342 | D:12     | Killed a five-headed hydra
 18737 | Orc:1    | Entered Level 1 of the Orcish Mines
 18840 | Orc:1    | Noticed an orc warlord
 19003 | D:12     | Killed an orc warlord
 19003 | D:12     | Reached skill level 12 in Evocations
 19126 | D:13     | Found Yfext's Antique Armour Shoppe.
 19178 | D:13     | Noticed Frances
 19383 | D:13     | Noticed a vault guard
 19383 | D:13     | Noticed a vault guard
 19384 | D:13     | Found a gate to the Vaults.
 19384 | D:13     | Noticed a vault guard
 19384 | D:13     | Noticed a vault guard
 19384 | D:13     | Noticed a vault guard
 19384 | D:13     | Noticed a vault guard
 19385 | D:13     | Noticed a vault guard
 19394 | D:13     | Killed a vault guard
 19394 | D:13     | Killed a vault guard
 19395 | D:13     | Killed a vault guard
 19396 | D:13     | Noticed a vault guard
 19402 | D:13     | Killed a vault guard
 19402 | D:13     | Killed a vault guard
 19404 | D:13     | Killed a vault guard
 19404 | D:13     | Reached XP level 13. HP: 51/66 MP: 13/21
 19508 | D:13     | Gained mutation: Potions are less effective at restoring your health. [Ru sacrifice]
 19508 | D:13     | Reached **** piety under Ru
 19775 | D:13     | Reached skill level 13 in Evocations
 19794 | D:13     | Noticed Urug
 19828 | D:13     | Killed Urug
 20215 | D:13     | Noticed a storm dragon
 20248 | D:13     | Killed a storm dragon
 20968 | D:13     | Noticed a tengu reaver
 21196 | D:14     | Reached skill level 14 in Evocations
 21330 | D:14     | Found a bloodstained altar of Trog.
 21364 | D:14     | Reached skill level 1 in Armour
 21463 | D:13     | Killed a tengu reaver
 21469 | D:13     | Noticed a frost giant
 21574 | D:13     | Killed a frost giant
 22557 | D:14     | Noticed a storm dragon
 22639 | D:13     | Killed a storm dragon
 22891 | D:14     | Killed from afar by a meliai

Vault maps used:
D:1:      minmay_arrival_doors
D:3:      uniq_natasha, uniq_terence
D:4:      serial_shops, shop, serial_glass, glass_columns_a, glass_columns_b,
          glass_columns_a, glass_columns_a, glass_columns_a, glass_columns_a,
          glass_columns_a, glass_columns_a, glass_columns_b, glass_columns_a,
          serial_bayou_pond_d, uniq_robin
D:5:      first_ration
D:6:      kennysheep_mini_moat, uniq_duvessa
D:7:      minmay_temple_entry_junction
D:8:      lair_entry_dummy, gammafunk_ghost_grave, uniq_joseph
D:9:      hangedman_little_slice_of_home, uniq_psyche
D:10:     basic_altar, uniq_fannar
D:12:     orc_0_dummy, serial_shops, shop_fountains, uniq_erolcha, uniq_harold
D:13:     thingy_vault, erik_vaults_2, serial_shops, shop, uniq_frances,
          uniq_urug
D:14:     regret_index_wax_grids, lemuel_doored_altar,
          lemuel_mausoleum_altar_yredelemnul
Temple:   kilobyte_greek_temple

Skill      XL: |  1  2  3  4  5  6  7  8  9 10 11 12 13 |
---------------+----------------------------------------+-----
Stealth        | 2 3 4 6 7 9 10 10 | 10.0
Short Blades   | 3 4 5 6 7 9 10 10 | 10.0
Dodging        | 5 6 7 8 9 11 12 | 12.0
Shields        | 6 7 7 |  7.2
Evocations     | 2 10 10 12 14 | 14.5
Fighting       | 3 4 6 8 |  8.0
Armour         | 3 |  3.6

Action                   |  1- 3 |  4- 6 |  7- 9 | 10-12 | 13-15 || total
-------------------------+-------+-------+-------+-------+-------++-------
Melee: Rapier            |    67 |       |       |       |       ||    67
       Morningstar       |       |    99 |       |       |       ||    99
       Dagger            |       |    63 |   542 |  1206 |   625 ||  2436
 Fire: Hunting sling     |    42 |    48 |       |       |       ||    90
Invok: Sacrifice Essence |       |       |     1 |       |       ||     1
       Sacrifice Arcana  |       |       |       |     1 |       ||     1
       Sacrifice Skill   |       |       |       |     1 |       ||     1
       Power Leap        |       |       |       |       |     5 ||     5
       Sacrifice Purity  |       |       |       |       |     1 ||     1
Evoke: Lightning rod     |       |       |       |     9 |     4 ||    13
       Wand              |       |       |       |     6 |    39 ||    45
  Use: Scroll            |     1 |       |     7 |    12 |       ||    20
       Potion            |       |       |     4 |     2 |     4 ||    10
 Stab: Sleeping          |     4 |     1 |    14 |    31 |     1 ||    51
       Distracted        |       |     1 |     3 |       |     2 ||     6
       Invisible         |       |       |       |     3 |     4 ||     7
       Petrified         |       |       |       |     2 |    10 ||    12
       Paralysed         |       |       |       |     1 |     1 ||     2
       Confused          |       |       |       |     1 |       ||     1
       Petrifying        |       |       |       |       |     1 ||     1
  Eat: Ration            |       |     2 |     3 |     5 |     3 ||    13
Armor: Robe              |       |    11 |    21 |    39 |       ||    71
       Troll leather arm |       |       |       |     1 |     5 ||     6
       Storm dragon scal |       |       |       |       |    55 ||    55
Dodge: Dodged            |    54 |   136 |   219 |   398 |   291 ||  1098
Block: Buckler           |    22 |    40 |    99 |   210 |   129 ||   500

Table legend:
 A = Spawn XP
 B = Non-spawn XP
 C = Spawn XP percentage of total XP
 D = Spawn monster count
 E = Non-spawn monster count
 F = Spawn count percentage of total count
 G = Total turns spent on level
                    A         B        C        D         E        F      G
               +---------+---------+-------+---------+---------+-------+---------
         Total |       0 |   60993 |   0.0 |       0 |     429 |   0.0 | 22891
               +---------+---------+-------+---------+---------+-------+---------
           D:1 |       0 |      35 |   0.0 |       0 |      20 |   0.0 |  1030
           D:2 |       0 |     116 |   0.0 |       0 |      23 |   0.0 |  1879
           D:3 |       0 |     416 |   0.0 |       0 |      33 |   0.0 |  1419
           D:4 |       0 |     179 |   0.0 |       0 |      28 |   0.0 |   927
           D:5 |       0 |     424 |   0.0 |       0 |      12 |   0.0 |  1159
           D:6 |       0 |    1320 |   0.0 |       0 |      19 |   0.0 |  1882
           D:7 |       0 |    2079 |   0.0 |       0 |      40 |   0.0 |  1878
           D:8 |       0 |    3641 |   0.0 |       0 |      31 |   0.0 |  2284
           D:9 |       0 |    4769 |   0.0 |       0 |      49 |   0.0 |  1932
          D:10 |       0 |    1907 |   0.0 |       0 |      19 |   0.0 |  1396
          D:11 |       0 |    4063 |   0.0 |       0 |      28 |   0.0 |  1285
          D:12 |       0 |   12526 |   0.0 |       0 |      45 |   0.0 |  1828
          D:13 |       0 |   24825 |   0.0 |       0 |      52 |   0.0 |  2826
          D:14 |       0 |    4378 |   0.0 |       0 |      24 |   0.0 |   951
         Orc:1 |       0 |     315 |   0.0 |       0 |       6 |   0.0 |   139
               +---------+---------+-------+---------+---------+-------+---------
